General information
- name: BNet
- type: Ladder team game (AT/RT)
- host: Battle.net
- saver: ultimatewarri0r
map: Battleground
- players: 8
- length: 72:36
- speed: Fast
- version: 1.27 W3XP
- replay type: Public
» download(334 KB)
Players
team 1 (loser)
LOLIGOTAPENlS (
red | 52 APM | 3768 actions | 72:36)
9 Mountain King
3 Storm Bolt
3 Bash
2 Avatar
1 Thunder Clap
» actions
| Assign group hotkey | 19 | |
| Basic commands | 42 | |
| Build / train | 73 | |
| ESC pressed | 11 | |
| Enter build submenu | 18 | |
| Enter hero's abilities submenu | 11 | |
| Give item / drop item | 3 | |
| Right click | 2453 | |
| Select / deselect | 851 | |
| Select group hotkey | 91 | |
| Use ability | 195 | |
3768 total
» units
| Peasant | 15 | |
| Footman | 22 | |
| Rifleman | 2 | |
| Flying Machine | 2 | |
41 total
» upgrades
» buildings
| Barracks | 2 | |
| Farm | 7 | |
| Altar of Kings | 2 | |
| Arcane Vault | 1 | |
| Town Hall | 1 | |
| Blacksmith | 1 | |
14 total
» build order
00:09 Barracks
00:35 Farm
00:37 Farm
00:51 Altar of Kings
01:45 Farm
02:15 Farm
02:44 Farm
03:18 Barracks
03:40 Farm
04:32 Arcane Vault
08:17 Town Hall
08:28 Farm
11:30 Blacksmith
18:36 Altar of Kings
» items
| Scroll of Regeneration | 3 | |
| Lesser Clarity Potion | 7 | |
| Orb of Lightning | 1 | |
| Potion of Healing | 2 | |
| Scroll of Speed | 2 | |
| Healing Salve | 2 | |
17 total
ultimatewarri0r (
blue | 44 APM | 3167 actions | 72:36)
9 Blademaster
3 Wind Walk
3 Critical Strike
1 Bladestorm
2 Mirror Image
» actions
| Assign group hotkey | 79 | |
| Basic commands | 113 | |
| Build / train | 99 | |
| Enter build submenu | 71 | |
| Enter hero's abilities submenu | 9 | |
| Give item / drop item | 14 | |
| Remove unit from queue | 1 | |
| Right click | 1300 | |
| Select / deselect | 639 | |
| Select group hotkey | 486 | |
| Use ability | 356 | |
3167 total
» units
| Peon | 26 | |
| Grunt | 6 | |
| Troll Batrider | 12 | |
| Troll Witch Doctor | 3 | |
| Wind Rider | 3 | |
| Demolisher | 2 | |
52 total
» upgrades
| Reinforced Defenses | 1 | |
| Troll Regeneration | 1 | |
| Liquid Fire | 1 | |
| Ranged Weapons | 3 | |
| Armor | 3 | |
| Witch Doctor Training | 2 | |
| Envenomed Spears | 1 | |
| Pillage | 1 | |
| Burning Oil | 1 | |
14 total
» buildings
| Orc Burrow | 8 | |
| Altar of Storms | 1 | |
| Barracks | 1 | |
| Voodoo Lounge | 4 | |
| War Mill | 3 | |
| Stronghold | 5 | |
| Watch Tower | 41 | |
| Beastiary | 6 | |
| Fortress | 1 | |
| Spirit Lodge | 1 | |
| Great Hall | 3 | |
74 total
» build order
00:15 Orc Burrow
00:52 Altar of Storms
00:54 Barracks
01:10 Orc Burrow
01:49 Voodoo Lounge
02:46 War Mill
03:28 Stronghold
03:29 Stronghold
03:29 Stronghold
04:01 Watch Tower
04:29 Watch Tower
04:31 Watch Tower
04:54 Orc Burrow
05:08 Watch Tower
05:15 Watch Tower
06:09 Beastiary
06:11 Beastiary
06:24 Orc Burrow
08:22 Fortress
10:52 War Mill
10:53 Watch Tower
10:53 Watch Tower
10:56 War Mill
11:43 Watch Tower
11:44 Watch Tower
12:01 Spirit Lodge
13:01 Great Hall
13:04 Watch Tower
13:05 Watch Tower
13:06 Watch Tower
13:06 Watch Tower
13:17 Watch Tower
13:19 Watch Tower
13:20 Watch Tower
13:20 Watch Tower
13:21 Watch Tower
13:22 Watch Tower
13:22 Watch Tower
13:31 Watch Tower
13:33 Watch Tower
20:50 Beastiary
20:50 Beastiary
21:06 Beastiary
21:07 Beastiary
21:18 Orc Burrow
21:19 Orc Burrow
21:21 Orc Burrow
21:22 Orc Burrow
21:58 Voodoo Lounge
22:00 Voodoo Lounge
26:45 Great Hall
26:46 Watch Tower
26:46 Watch Tower
26:47 Watch Tower
26:47 Watch Tower
27:15 Voodoo Lounge
28:04 Great Hall
28:08 Watch Tower
28:10 Watch Tower
28:38 Watch Tower
28:38 Watch Tower
28:49 Watch Tower
29:05 Watch Tower
29:07 Watch Tower
29:18 Watch Tower
30:07 Watch Tower
30:08 Watch Tower
30:09 Watch Tower
30:09 Watch Tower
30:38 Watch Tower
30:38 Watch Tower
» items
| Healing Salve | 4 | |
| Staff of Teleportation | 2 | |
| Lesser Clarity Potion | 2 | |
| Potion of Invisibility | 1 | |
| Scroll of Town Portal | 2 | |
| Potion of Healing | 1 | |
| Potion of Mana | 2 | |
| Orb of Lightning | 1 | |
15 total
FightinChickn (
purple | 83 APM | 2111 actions | 25:22)
5 Archmage
3 Summon Water Elemental
2 Brilliance Aura
3 Mountain King
2 Storm Bolt
1 Bash
» actions
| Assign group hotkey | 23 | |
| Build / train | 68 | |
| Enter build submenu | 15 | |
| Enter hero's abilities submenu | 7 | |
| Give item / drop item | 3 | |
| Right click | 981 | |
| Select / deselect | 177 | |
| Select group hotkey | 787 | |
| Use ability | 50 | |
2111 total
» units
| Peasant | 10 | |
| Rifleman | 15 | |
| Siege Engine | 11 | |
| Knight | 4 | |
40 total
» upgrades
| Gunpowder | 3 | |
| Armor | 2 | |
| Long Rifles | 1 | |
| Barrage | 1 | |
| Animal War Training | 1 | |
8 total
» buildings
| Farm | 11 | |
| Altar of Kings | 1 | |
| Barracks | 1 | |
| Blacksmith | 1 | |
| Scout Tower | 3 | |
| Arcane Tower | 1 | |
| Arcane Vault | 1 | |
| Lumber Mill | 1 | |
| Guard Tower | 1 | |
| Keep | 1 | |
| Castle | 1 | |
| Workshop | 2 | |
25 total
» build order
00:24 Farm
00:28 Altar of Kings
01:03 Farm
02:02 Barracks
02:07 Blacksmith
02:16 Scout Tower
02:31 Farm
02:34 Farm
02:54 Arcane Tower
02:59 Farm
03:08 Arcane Vault
03:26 Scout Tower
04:36 Scout Tower
04:47 Lumber Mill
05:59 Guard Tower
06:19 Keep
08:14 Farm
08:15 Farm
08:15 Farm
08:16 Farm
08:17 Farm
08:18 Farm
09:27 Castle
12:28 Workshop
12:29 Workshop
» items
| Scroll of Regeneration | 3 | |
| Scroll of Town Portal | 3 | |
6 total

»
lemoncheddar (
yellow | 13 APM | 770 actions | 59:21)
6 Demon Hunter
3 Immolation
2 Evasion
1 Metamorphosis
» actions
| Assign group hotkey | 16 | |
| Build / train | 64 | |
| Enter build submenu | 29 | |
| Enter hero's abilities submenu | 6 | |
| Remove unit from queue | 1 | |
| Right click | 158 | |
| Select / deselect | 269 | |
| Select group hotkey | 166 | |
| Use ability | 61 | |
770 total
» units
| Wisp | 21 | |
| Archer | 5 | |
| Huntress | 7 | |
| Hippogryph | 10 | |
| Chimaera | 4 | |
47 total
» upgrades
| Strength of the Wild | 3 | |
| Reinforced Hides | 1 | |
| Corrosive Breath | 1 | |
5 total
» buildings
| Altar of Elders | 2 | |
| Moon Well | 8 | |
| Ancient of War | 1 | |
| Hunter's Hall | 2 | |
| Tree of Ages | 3 | |
| Ancient of Wonders | 1 | |
| Ancient of Wind | 1 | |
| Tree of Eternity | 1 | |
| Chimaera Roost | 2 | |
| Tree of Life | 4 | |
| Ancient Protector | 4 | |
29 total
» build order
00:09 Altar of Elders
00:15 Moon Well
00:24 Ancient of War
01:30 Moon Well
02:19 Hunter's Hall
02:56 Moon Well
03:45 Tree of Ages
04:53 Ancient of Wonders
06:17 Moon Well
06:22 Ancient of Wind
07:35 Tree of Eternity
08:07 Moon Well
10:19 Chimaera Roost
10:26 Chimaera Roost
10:56 Moon Well
18:59 Tree of Life
19:31 Altar of Elders
20:51 Moon Well
21:05 Moon Well
21:37 Hunter's Hall
23:31 Ancient Protector
24:40 Tree of Life
26:35 Tree of Ages
27:23 Tree of Ages
31:48 Ancient Protector
32:08 Ancient Protector
32:28 Ancient Protector
34:56 Tree of Life
39:18 Tree of Life
team 2 (winner)
m00pb00p (
green | 32 APM | 1171 actions | 36:14)
7 Demon Hunter
3 Mana Burn
3 Evasion
1 Metamorphosis
1 Keeper of the Grove
1 Entangling Roots
» actions
| Basic commands | 2 | |
| Build / train | 41 | |
| Enter build submenu | 13 | |
| Enter hero's abilities submenu | 8 | |
| Give item / drop item | 2 | |
| Right click | 684 | |
| Select / deselect | 358 | |
| Use ability | 63 | |
1171 total
» units
| Wisp | 11 | |
| Huntress | 6 | |
| Forest Troll Berserker | 2 | |
| Archer | 5 | |
24 total
» upgrades
| Strength of the Moon | 1 | |
| Moon Armor | 1 | |
| Ultravision | 1 | |
3 total
» buildings
| Moon Well | 4 | |
| Altar of Elders | 1 | |
| Hunter's Hall | 1 | |
| Ancient of War | 1 | |
| Ancient Protector | 3 | |
| Tree of Ages | 1 | |
| Ancient of Lore | 1 | |
| Tree of Life | 1 | |
13 total
» build order
00:09 Moon Well
00:12 Altar of Elders
01:11 Hunter's Hall
01:37 Ancient of War
01:59 Moon Well
02:18 Moon Well
02:42 Moon Well
04:09 Ancient Protector
04:45 Ancient Protector
06:17 Tree of Ages
08:54 Ancient Protector
09:01 Ancient of Lore
11:08 Tree of Life
» items
| Healing Salve | 1 | |
| Lesser Clarity Potion | 2 | |
3 total
CutYouDown (
teal | 60 APM | 4331 actions | 72:36)
8 Archmage
3 Summon Water Elemental
3 Brilliance Aura
1 Mass Teleport
1 Blizzard
» actions
| Assign group hotkey | 110 | |
| Basic commands | 108 | |
| Build / train | 242 | |
| ESC pressed | 22 | |
| Enter build submenu | 76 | |
| Enter hero's abilities submenu | 8 | |
| Give item / drop item | 13 | |
| Remove unit from queue | 2 | |
| Right click | 1373 | |
| Select / deselect | 712 | |
| Select group hotkey | 1240 | |
| Use ability | 425 | |
4331 total
» units
| Peasant | 27 | |
| Footman | 4 | |
| Forest Troll Berserker | 1 | |
| Forest Troll Shadow Priest | 1 | |
| Dragonhawk Rider | 3 | |
| Gryphon Rider | 9 | |
| Rifleman | 8 | |
| Sorceress | 6 | |
| Priest | 2 | |
| Spell Breaker | 1 | |
62 total
» upgrades
| Defend | 1 | |
| Masonry | 3 | |
| Swords | 3 | |
| Armor | 3 | |
| Storm Hammers | 1 | |
| Animal War Training | 1 | |
| Cloud | 1 | |
| Lumber Harvesting | 2 | |
| Long Rifles | 1 | |
| Backpack | 1 | |
| Plating | 3 | |
| Gunpowder | 3 | |
| Sorceress Training | 2 | |
| Priest Training | 2 | |
| Barrage | 1 | |
| Control Magic | 1 | |
| Flak Cannons | 1 | |
30 total
» buildings
| Altar of Kings | 2 | |
| Barracks | 2 | |
| Farm | 11 | |
| Arcane Vault | 1 | |
| Lumber Mill | 6 | |
| Keep | 5 | |
| Blacksmith | 2 | |
| Castle | 2 | |
| Gryphon Aviary | 4 | |
| Scout Tower | 31 | |
| Guard Tower | 66 | |
| Town Hall | 5 | |
| Arcane Sanctum | 3 | |
| Workshop | 1 | |
141 total
» build order
01:18 Altar of Kings
01:20 Barracks
01:22 Farm
01:27 Farm
01:32 Farm
02:36 Arcane Vault
02:51 Farm
03:05 Lumber Mill
03:14 Lumber Mill
04:02 Keep
04:02 Keep
04:03 Keep
04:03 Keep
04:22 Blacksmith
05:12 Farm
05:23 Farm
06:31 Castle
06:31 Castle
06:34 Gryphon Aviary
06:37 Gryphon Aviary
08:55 Farm
08:56 Farm
10:15 Scout Tower
10:16 Scout Tower
10:17 Scout Tower
10:18 Scout Tower
10:20 Scout Tower
10:20 Scout Tower
10:53 Guard Tower
10:53 Guard Tower
10:53 Guard Tower
10:54 Guard Tower
10:54 Guard Tower
10:54 Guard Tower
10:54 Guard Tower
10:56 Guard Tower
10:57 Guard Tower
10:57 Guard Tower
10:58 Guard Tower
10:59 Guard Tower
10:59 Guard Tower
11:50 Scout Tower
11:52 Scout Tower
11:53 Scout Tower
11:54 Scout Tower
12:31 Guard Tower
14:14 Town Hall
15:20 Scout Tower
15:21 Scout Tower
15:23 Scout Tower
15:24 Scout Tower
15:30 Scout Tower
16:37 Guard Tower
16:52 Scout Tower
16:53 Scout Tower
16:55 Scout Tower
17:12 Guard Tower
17:28 Guard Tower
17:28 Guard Tower
17:30 Guard Tower
17:30 Guard Tower
18:16 Scout Tower
18:17 Scout Tower
18:23 Gryphon Aviary
18:29 Farm
18:31 Farm
18:52 Guard Tower
18:52 Guard Tower
18:52 Guard Tower
19:23 Farm
23:02 Guard Tower
23:02 Guard Tower
23:02 Guard Tower
23:03 Guard Tower
23:03 Guard Tower
23:03 Guard Tower
24:12 Guard Tower
24:12 Guard Tower
24:12 Guard Tower
24:13 Guard Tower
24:13 Guard Tower
24:13 Guard Tower
24:18 Town Hall
25:03 Guard Tower
25:04 Guard Tower
25:04 Guard Tower
25:05 Guard Tower
25:05 Guard Tower
25:06 Guard Tower
25:59 Guard Tower
26:00 Guard Tower
26:22 Town Hall
26:24 Scout Tower
26:26 Scout Tower
26:28 Scout Tower
26:30 Scout Tower
26:54 Guard Tower
26:55 Guard Tower
26:56 Guard Tower
26:56 Guard Tower
27:01 Guard Tower
27:02 Guard Tower
27:10 Guard Tower
27:11 Guard Tower
29:13 Town Hall
29:18 Lumber Mill
29:20 Lumber Mill
29:23 Lumber Mill
29:25 Lumber Mill
29:43 Scout Tower
30:15 Blacksmith
30:29 Barracks
31:00 Altar of Kings
31:05 Scout Tower
31:40 Gryphon Aviary
31:56 Scout Tower
32:56 Guard Tower
37:38 Arcane Sanctum
37:39 Arcane Sanctum
37:42 Workshop
37:51 Arcane Sanctum
47:31 Town Hall
47:34 Scout Tower
47:35 Scout Tower
47:39 Scout Tower
47:42 Scout Tower
» items
| Scroll of Regeneration | 14 | |
| Mechanical Critter | 6 | |
| Lesser Clarity Potion | 1 | |
| Scroll of Town Portal | 8 | |
| Staff of Sanctuary | 1 | |
| Potion of Healing | 6 | |
| Staff of Teleportation | 1 | |
| Periapt of Vitality | 1 | |
| Potion of Lesser Invulnerability | 1 | |
| Ivory Tower | 16 | |
55 total
TrumpIsATemplar (
orange | 72 APM | 2519 actions | 34:50)
4 Blademaster
2 Wind Walk
2 Critical Strike
5 Shadow Hunter
3 Healing Wave
2 Hex
» actions
| Assign group hotkey | 18 | |
| Basic commands | 85 | |
| Build / train | 73 | |
| ESC pressed | 5 | |
| Enter build submenu | 30 | |
| Enter hero's abilities submenu | 9 | |
| Give item / drop item | 4 | |
| Right click | 926 | |
| Select / deselect | 534 | |
| Select group hotkey | 707 | |
| Use ability | 126 | |
2519 total
» units
» upgrades
| Spiked Barricades | 1 | |
| Ranged Weapons | 1 | |
| Armor | 2 | |
| Melee Weapons | 3 | |
| Shaman Training | 2 | |
| Witch Doctor Training | 2 | |
| Reinforced Defenses | 1 | |
12 total
» buildings
| Altar of Storms | 1 | |
| Orc Burrow | 7 | |
| War Mill | 1 | |
| Voodoo Lounge | 1 | |
| Stronghold | 5 | |
| Fortress | 1 | |
| Spirit Lodge | 1 | |
| Tauren Totem | 2 | |
| Watch Tower | 7 | |
| Great Hall | 1 | |
27 total
» build order
00:08 Altar of Storms
00:27 Orc Burrow
00:53 War Mill
01:35 Voodoo Lounge
02:00 Orc Burrow
03:06 Stronghold
03:07 Stronghold
03:07 Stronghold
04:37 Orc Burrow
05:28 Fortress
05:34 Spirit Lodge
07:43 Orc Burrow
08:11 Tauren Totem
08:17 Tauren Totem
09:29 Orc Burrow
13:36 Orc Burrow
15:44 Watch Tower
15:47 Watch Tower
17:26 Watch Tower
18:43 Orc Burrow
19:28 Watch Tower
19:51 Watch Tower
26:45 Watch Tower
26:48 Watch Tower
32:27 Great Hall
» items
| Circlet of Nobility | 1 | |
| Healing Salve | 1 | |
| Lesser Clarity Potion | 4 | |
| Boots of Speed | 1 | |
| Potion of Healing | 2 | |
| Potion of Mana | 2 | |
| Scroll of Town Portal | 2 | |
| Orb of Lightning | 1 | |
14 total
Roll_Tide (
pink | 9 APM | 652 actions | 72:36)
4 Blademaster
2 Wind Walk
2 Critical Strike
» actions
| Assign group hotkey | 4 | |
| Build / train | 47 | |
| Enter build submenu | 23 | |
| Enter hero's abilities submenu | 4 | |
| Remove unit from queue | 1 | |
| Right click | 197 | |
| Select / deselect | 321 | |
| Select group hotkey | 2 | |
| Use ability | 53 | |
652 total
» units
| Peon | 9 | |
| Grunt | 7 | |
| Wind Rider | 12 | |
| Troll Batrider | 4 | |
32 total
» upgrades
| Melee Weapons | 0 | |
| Armor | 2 | |
| Ranged Weapons | 2 | |
4 total
» buildings
| Altar of Storms | 1 | |
| Orc Burrow | 7 | |
| Barracks | 1 | |
| War Mill | 1 | |
| Stronghold | 1 | |
| Watch Tower | 6 | |
| Voodoo Lounge | 1 | |
| Beastiary | 2 | |
| Great Hall | 1 | |
21 total
» build order
00:26 Altar of Storms
00:39 Orc Burrow
00:59 Barracks
01:22 War Mill
02:47 Orc Burrow
03:48 Orc Burrow
04:32 Stronghold
04:48 Orc Burrow
06:30 Watch Tower
07:31 Voodoo Lounge
07:39 Watch Tower
07:48 Beastiary
07:54 Beastiary
09:04 Orc Burrow
09:08 Watch Tower
10:46 Orc Burrow
10:50 Watch Tower
11:59 Orc Burrow
13:03 Watch Tower
15:01 Watch Tower
19:13 Great Hall
» items
| Scroll of Town Portal | 1 | |
| Potion of Healing | 2 | |
| Orb of Lightning | 1 | |
4 total
Chat log
(00:19 / Allies) lemoncheddar: hey team
(00:24 / Allies) LOLIGOTAPENlS: howdy chief
(00:30 / Allies) lemoncheddar: guten tag
(00:47 / Allies) FightinChickn: yo again lemon
(00:52 / Allies) lemoncheddar: ha what's up purp
(01:20 / Allies) lemoncheddar: units?
(01:29 / Allies) FightinChickn: rif mort
(01:32 / Allies) LOLIGOTAPENlS: deend
(01:34 / Allies) LOLIGOTAPENlS: defend
(01:36 / Allies) LOLIGOTAPENlS: harass diff bases
(02:07 / Allies) lemoncheddar: no other units?
(02:24 / Allies) LOLIGOTAPENlS: footies and pool if needed
(02:25 / Allies) LOLIGOTAPENlS: lol
(02:47 / Allies) FightinChickn: step up from mass peasants i guess
(02:59 / All) m00pb00p: thats how we say hi where i come from
(03:12 / All) lemoncheddar: POOOP
(05:57 / Allies) LOLIGOTAPENlS: purp
(05:58 / Allies) LOLIGOTAPENlS: meet here
(06:13 / Allies) LOLIGOTAPENlS: ty
(07:02 / Allies) LOLIGOTAPENlS: ranged target air
(08:53 / Allies) FightinChickn: go
(10:26 / Allies) LOLIGOTAPENlS: kill hall
(10:35 / Allies) LOLIGOTAPENlS: then out
(10:53 / Allies) LOLIGOTAPENlS: tp plz
(11:36 / Allies) LOLIGOTAPENlS: im gonna go rifles
(11:52 / Allies) LOLIGOTAPENlS: rebuilding lets hit
(12:01 / Allies) LOLIGOTAPENlS: i got it actually
(12:11 / Allies) ultimatewarri0r: lumber?
(14:09 / Allies) FightinChickn: omw
(14:29 / Allies) LOLIGOTAPENlS: ty
(14:50 / Allies) ultimatewarri0r: lumnber for bats
(15:25 / Allies) lemoncheddar: red make some tanks or something
(15:29 / Allies) LOLIGOTAPENlS: they might hit me next
(15:32 / Allies) LOLIGOTAPENlS: i cant im t1
(15:34 / Allies) FightinChickn: i'll tp
(15:44 / Allies) LOLIGOTAPENlS: blue dont harass target heros with me
(15:51 / Allies) lemoncheddar: plz help
(15:55 / Allies) ultimatewarri0r: what
(16:26 / Allies) LOLIGOTAPENlS: my base is fucked
(17:16 / Allies) LOLIGOTAPENlS: shit
(17:17 / Allies) LOLIGOTAPENlS: that was dumb
(17:28 / Allies) LOLIGOTAPENlS: gold for alter
(17:45 / Allies) LOLIGOTAPENlS: ty
(18:04 / All) m00pb00p: lol blue
(20:00 / Allies) LOLIGOTAPENlS: 2 v 3 idk bout this
(20:14 / Allies) LOLIGOTAPENlS: we gotta hit or tower
(20:19 / Allies) LOLIGOTAPENlS: blue should tower here
(20:28 / Allies) LOLIGOTAPENlS: ya
(20:30 / Allies) LOLIGOTAPENlS: blue can you tower here
(20:52 / Allies) LOLIGOTAPENlS: tower it
(21:01 / Allies) LOLIGOTAPENlS: take peons all of them
(21:03 / Allies) LOLIGOTAPENlS: all towers possible
(21:06 / Allies) LOLIGOTAPENlS: you have plenty of gold
(21:18 / Allies) LOLIGOTAPENlS: we need towers up
(21:36 / All) ultimatewarri0r: Now I kill your hero green
(21:49 / All) ultimatewarri0r: 100%, dead
(21:58 / Allies) LOLIGOTAPENlS: get him
(22:07 / Allies) ultimatewarri0r: I'm building 100 food
(22:27 / Allies) LOLIGOTAPENlS: kill bm
(23:32 / All) ultimatewarri0r: DO YOU REALLY WANNA FUCK WITH ME?
(23:34 / All) ultimatewarri0r: HUH
(23:38 / All) ultimatewarri0r: I REALLY DONT THINK SO!
(23:40 / All) LOLIGOTAPENlS: lol
(23:46 / Allies) LOLIGOTAPENlS: send wisp to check
(25:02 / Allies) LOLIGOTAPENlS: 300g plz
(25:14 / Allies) FightinChickn: done
(25:15 / Allies) LOLIGOTAPENlS: jesus ok
(25:15 / Allies) LOLIGOTAPENlS: lol
(25:18 / Allies) FightinChickn: gg
(25:25 / Allies) LOLIGOTAPENlS: wtf
(25:28 / Allies) LOLIGOTAPENlS: not gg
(25:33 / Allies) LOLIGOTAPENlS: not even close
(25:55 / Allies) LOLIGOTAPENlS: hit pink
(26:19 / Allies) LOLIGOTAPENlS: hall
(26:29 / Allies) LOLIGOTAPENlS: hall
(26:30 / Allies) LOLIGOTAPENlS: all on hall
(27:00 / Allies) LOLIGOTAPENlS: altar then next base
(27:12 / Allies) LOLIGOTAPENlS: tp
(28:24 / Allies) LOLIGOTAPENlS: hit
(28:37 / Allies) LOLIGOTAPENlS: blue
(28:40 / Allies) LOLIGOTAPENlS: come
(28:50 / Allies) LOLIGOTAPENlS: yo?
(28:52 / Allies) LOLIGOTAPENlS: anyone there
(30:00 / All) CutYouDown: I rebuild your base for you with new colour red
(30:10 / All) CutYouDown: do you like colour teal very good colour for human compared to red
(30:44 / All) m00pb00p: teal is pissing me off
(30:48 / Allies) LOLIGOTAPENlS: get a copter on each hero
(30:57 / All) LOLIGOTAPENlS: LOL
(31:01 / All) ultimatewarri0r: GET TO THE CHOPPA
(31:04 / All) Roll_Tide: got heeeeeem
(31:07 / Allies) LOLIGOTAPENlS: get a copter on each hero
(31:10 / Allies) LOLIGOTAPENlS: for true sight on bms
(31:45 / All) Roll_Tide: so this is bsaically blue vs teal
(32:10 / Allies) LOLIGOTAPENlS: kill?
(32:39 / All) m00pb00p: we must act
(33:06 / All) CutYouDown: BACK THE FUCK OFF!!!
(34:15 / All) Roll_Tide: gg
(34:33 / All) ultimatewarri0r: Told you I would get your ass green
(34:37 / All) ultimatewarri0r: Lil niglet
(34:38 / All) LOLIGOTAPENlS: lol
(34:44 / All) m00pb00p: rage more
(34:56 / All) ultimatewarri0r: Not raging, revenge is a dish best served cold
(34:57 / Allies) LOLIGOTAPENlS: idk why that guy left
(35:39 / Allies) LOLIGOTAPENlS: can we take him out
(36:26 / Allies) LOLIGOTAPENlS: mine only has 270 gold
(36:29 / Allies) LOLIGOTAPENlS: 240
(36:49 / All) LOLIGOTAPENlS: lol gg
(36:54 / All) LOLIGOTAPENlS: dunno why our guy thought wed lose
(37:08 / All) CutYouDown: gg glad to get another win
(37:16 / All) Roll_Tide: teal doesnt make men
(37:23 / All) LOLIGOTAPENlS: i massed footies
(37:24 / All) LOLIGOTAPENlS: lol
(37:34 / All) Roll_Tide: helps when you have blue
(37:48 / All) Roll_Tide: he dominated teal in his own game
(37:57 / Allies) LOLIGOTAPENlS: lmao
(37:59 / All) LOLIGOTAPENlS: lmao
(38:02 / All) CutYouDown: hmm
(38:24 / All) Roll_Tide: teal has like 5 units so dont hesitate attacking his mines
(38:38 / All) CutYouDown: 6
(38:40 / All) CutYouDown: plus a hero
(38:50 / All) LOLIGOTAPENlS: lol
(38:51 / All) Roll_Tide: he does have 25k though so i bet his score is dope
(39:10 / All) LOLIGOTAPENlS: lol
(40:07 / Allies) lemoncheddar: alright imbored
(41:59 / All) CutYouDown: I thought I had that total walled
(42:00 / All) CutYouDown: was alt tabbed
(43:20 / All) CutYouDown: you boys enjoying killing those scraps while I build up on 30k of gold?
(43:21 / Allies) lemoncheddar: blue
(43:33 / All) LOLIGOTAPENlS: lol
(43:38 / Allies) LOLIGOTAPENlS: how do we own this guy
(43:39 / Allies) LOLIGOTAPENlS: lol
(43:58 / Allies) lemoncheddar: im out
(44:00 / Allies) LOLIGOTAPENlS: give the gold to purp mass tanks?
(44:01 / All) lemoncheddar: gg
(44:06 / Allies) LOLIGOTAPENlS: wait
(44:07 / Allies) LOLIGOTAPENlS: dont leave
(44:08 / Allies) LOLIGOTAPENlS: give gold to me
(45:02 / All) ultimatewarri0r: that would be a nice spot for raiders
(45:13 / Allies) LOLIGOTAPENlS: give the gold to purp
(45:14 / Allies) LOLIGOTAPENlS: mass tanks
(45:21 / Allies) LOLIGOTAPENlS: blue
(45:57 / Allies) LOLIGOTAPENlS: halp
(46:16 / All) CutYouDown: I make what I want
(46:23 / All) CutYouDown: don't tell me what to do jerk
(46:28 / All) CutYouDown: I play for fun, not for wins
(46:44 / All) LOLIGOTAPENlS: i dont think anyone plays for wins anymore
(46:45 / All) LOLIGOTAPENlS: lol
(48:00 / All) Roll_Tide: blue send in your fucking army bruh
(48:02 / All) Roll_Tide: good lord
(48:19 / All) Roll_Tide: is noone else bored with this lol
(48:27 / All) LOLIGOTAPENlS: nah this is fun
(48:28 / All) Roll_Tide: teal has like 6 units just fucking attack him haha
(48:44 / Allies) LOLIGOTAPENlS: blue can i get some gold lol
(48:45 / All) CutYouDown: HEHRE
(49:00 / All) Roll_Tide: damn yall are weird
(49:06 / Allies) LOLIGOTAPENlS: whys teal letting blue mine all the gold
(49:07 / Allies) LOLIGOTAPENlS: lol
(49:12 / Allies) LOLIGOTAPENlS: hes not gonna have anything
(49:42 / Allies) LOLIGOTAPENlS: can we gang rape teal yet
(49:43 / Allies) LOLIGOTAPENlS: im bored
(49:51 / Allies) ultimatewarri0r: lets fight
(50:03 / All) LOLIGOTAPENlS: peon micro wars?
(50:06 / Allies) ultimatewarri0r: lets go mks
(50:07 / Allies) ultimatewarri0r: dh
(51:26 / All) CutYouDown: gratz
(53:04 / All) ultimatewarri0r: GOLDDDDDD
(54:29 / Allies) LOLIGOTAPENlS: blue wheres your units
(54:30 / Allies) LOLIGOTAPENlS: lol
(54:41 / Allies) ultimatewarri0r: defending the homeland
(55:19 / Allies) LOLIGOTAPENlS: lol blue what u doin
(55:25 / Allies) ultimatewarri0r: don't need that base anymore
(55:32 / Allies) LOLIGOTAPENlS: lmao
(55:37 / Allies) LOLIGOTAPENlS: its a good hide spot for my hero tho
(56:41 / All) ultimatewarri0r: Now yellow springs into action!
(56:48 / All) ultimatewarri0r: After the last gold is gone
(56:57 / Allies) lemoncheddar: holy shit
(57:07 / Allies) lemoncheddar: you guys stillplayjn?
(57:11 / All) Roll_Tide: how much gold u got
(57:14 / Allies) LOLIGOTAPENlS: lmao
(57:17 / All) ultimatewarri0r: Only 17k
(57:23 / All) lemoncheddar: im going to get my laundry
(57:26 / All) ultimatewarri0r: Was getting taxed most of game
(57:28 / All) LOLIGOTAPENlS: lol
(57:34 / All) lemoncheddar: keep it goin brothers
(57:51 / All) Roll_Tide: yellow you strike me as a fat asian
(57:56 / All) Roll_Tide: are you a fat asian?
(57:59 / All) ultimatewarri0r: Every last red scent is stripped clean of this land
(58:01 / All) LOLIGOTAPENlS: lol
(58:38 / All) Roll_Tide: yellow you a fat asian bro?
(58:43 / All) LOLIGOTAPENlS: lol
(58:45 / All) CutYouDown: who's the fat gook
(58:46 / All) LOLIGOTAPENlS: hes getting laundry
(58:52 / All) LOLIGOTAPENlS: not doing laundry
(58:54 / All) LOLIGOTAPENlS: so hes not an asian
(58:55 / All) Roll_Tide: such a fat asian thing to do
(58:55 / All) LOLIGOTAPENlS: lol
(59:06 / All) Roll_Tide: tk him while hes gone
(59:08 / All) LOLIGOTAPENlS: asians own the dry cleaner
(59:09 / All) lemoncheddar: na just a normal white guy
(59:14 / All) LOLIGOTAPENlS: lol
(59:18 / All) lemoncheddar: poice
(59:18 / All) LOLIGOTAPENlS: trumps merica now bitch
(59:32 / All) LOLIGOTAPENlS: one way to get someone to qq
(59:35 / All) LOLIGOTAPENlS: call them a fat asian
(59:36 / All) LOLIGOTAPENlS: lol
(60:27 / Allies) LOLIGOTAPENlS: dont forget those
(60:32 / Allies) ultimatewarri0r: they can stay
(60:37 / Allies) LOLIGOTAPENlS: keep my farm tho its sacred
(60:42 / Allies) LOLIGOTAPENlS: ma and pa rose me on that farm
(60:57 / All) Roll_Tide: red you a nigga?
(61:02 / All) LOLIGOTAPENlS: nah
(61:04 / All) Roll_Tide: someone here is a nigga
(61:08 / All) LOLIGOTAPENlS: niggas dont need to brag about their penis
(61:23 / All) Roll_Tide: 170 pound white dude?
(61:36 / All) LOLIGOTAPENlS: pink are you a frustrated white male between the ages of 21-25 without a good job after college
(61:46 / All) Roll_Tide: 28 with a good job
(61:49 / All) Roll_Tide: but fuck the job
(61:52 / All) Roll_Tide: shits lame
(61:53 / Allies) LOLIGOTAPENlS: im 230 actually
(62:00 / Allies) LOLIGOTAPENlS: 6'6 230 24yrs old finance degree cant get a job
(62:01 / All) LOLIGOTAPENlS: lol
(62:17 / All) LOLIGOTAPENlS: im 230 actually
(62:25 / All) LOLIGOTAPENlS: 6'6 230 24yrs old without a job finance degree
(62:27 / All) Roll_Tide: aw
(62:29 / All) LOLIGOTAPENlS: know anyone
(62:29 / All) LOLIGOTAPENlS: lol
(62:35 / All) Roll_Tide: what state
(62:38 / All) LOLIGOTAPENlS: ny
(62:44 / All) Roll_Tide: im from nj
(62:46 / All) LOLIGOTAPENlS: ill fly anywhere for the right job tho
(62:55 / All) Roll_Tide: go to NC
(63:07 / All) LOLIGOTAPENlS: ya i interviewed in charlotte this summer
(63:09 / All) LOLIGOTAPENlS: fucked that one up
(63:37 / All) Roll_Tide: i believe in you
(63:41 / All) LOLIGOTAPENlS: ty
(66:27 / All) Roll_Tide: most interesting game ive been in
(66:30 / All) Roll_Tide: hahah bkue
(66:51 / All) Roll_Tide: do blue and teal know each other
(66:56 / All) LOLIGOTAPENlS: lol
(67:06 / All) ultimatewarri0r: No relation
(67:21 / All) LOLIGOTAPENlS: sounds like a clinton
(67:23 / All) LOLIGOTAPENlS: are you a clinton
(67:44 / All) ultimatewarri0r: What difference does it make at this point?
(69:15 / All) Roll_Tide: haha teal no workers or castles
(69:31 / All) LOLIGOTAPENlS: ty blue
(71:20 / All) Roll_Tide: im guessing blue and teal know each other
(71:41 / All) Roll_Tide: playing to a stalemate
(72:33 / All) ultimatewarri0r: Fare thee well, gentlemen